 Dungeon Crawl Stone Soup version 0.29.1-2-gbd0b4ee654 (webtiles) character file.

Game seed: 7414026411840533958

58 ScottyB the Shield-Bearer (level 3, -3/36 HPs)
             Began as a Troll Fighter on Nov 11, 2022.
             Slain by a kobold
             ... wielding a +0 whip
              (4 damage)
             ... on level 3 of the Dungeon.
             The game lasted 00:04:39 (628 turns).

ScottyB the Shield-Bearer (Troll Fighter)            Turns: 628, Time: 00:04:39

Health: -3/36      AC:  4    Str: 26    XL:     3   Next: 75%
Magic:  2/2        EV:  8    Int:  4    God:
Gold:   19         SH:  7    Dex:  9    Spells: 2/2 levels left

rFire   . . .      SeeInvis .     - Unarmed
rCold   . . .      Faith    .   b - +0 kite shield
rNeg    . . .      Spirit   .   a - +0 robe
rPois   .          Reflect  .   (helmet restricted)
rElec   .          Harm     .   (no cloak)
rCorr   +          Rampage  .   (gloves unavailable)
Will    .....                   (boots unavailable)
Stlth   +.........              (no amulet)
HPRegen 0.92/turn               d - ring of resist corrosion
MPRegen 0.08/turn               (no ring)

@: lethally poisoned (-3 -> -4)
A: large, unfitting armour, claws 3, regeneration 1, shaggy fur 1, tough skin 1
a: no special abilities


You were on level 3 of the Dungeon.
You visited 1 branch of the dungeon, and saw 3 of its levels.

You collected 19 gold pieces.

Inventory:

Armour
 a - a +0 robe (worn)
 b - a +0 kite shield (worn)
 f - the +1 leather armour of Submission {Dex+3 Slay+2}
   (You found it on level 2 of the Dungeon)

   Dex:       It affects your dexterity (+3).
   Slay:      It affects your accuracy & damage with ranged weapons and melee
   (+2).
Jewellery
 d - a ring of resist corrosion (left claw)
 j - a ring of poison resistance
Scrolls
 h - a scroll of enchant weapon {unknown}
Potions
 c - 3 potions of might
 e - a potion of magic {unknown}
 g - a potion of ambrosia {unknown}
 i - a potion of attraction {unknown}


   Skills:
 + Level 2.6 Fighting
 + Level 2.9 Dodging
 + Level 3.3 Shields
 + Level 2.6 Unarmed Combat


You had 2 spell levels left.
You didn't know any spells.
Your spell library contained the following spells:

 Spells                   Type           Power      Damage    Failure   Level
 Foxfire                  Conj/Fire      0%         2x1d4     80%         1
 Conjure Flame            Conj/Fire      0%         6-21      99%         3
 Inner Flame              Hex/Fire       0%         N/A       99%         3
 Flame Wave               Conj/Fire      0%         2d4       100%        4


Dungeon Overview and Level Annotations

Branches:
Dungeon (3/15)

Altars:
Makhleb

Annotations:
D:3 Sigmund


Innate Abilities, Weirdness & Mutations

You are too large for most types of armour.
You have claws for hands.
Your natural rate of healing is unusually fast.
You are covered in fur. (AC +1)
You have tough skin. (AC +1)


Message History

The kobold attacks as you move away! The kobold hits you with a +0 whip.
* * * LOW HITPOINT WARNING * * *
You block the kobold's attack. The rat attacks as you move away!
You block the rat's attack. The kobold closely misses you.
You block the kobold's attack. You block something's attack.
Found a stone staircase leading down.
You block the kobold's attack. The kobold attacks as you move away!
The kobold barely misses you. The rat attacks as you move away!
The rat bites you but does no damage.
Found a sling.
Sigmund appears from thin air!
Reactivating autopickup.
The kobold hits you with a +0 whip.
Found a burning altar of Makhleb.
You see here 4 gold pieces.
The kobold closely misses you. The orc hits you with a +0 flail.
Sigmund hits you from afar with a +5 scythe of venom!
* * * LOW HITPOINT WARNING * * *
You are lethally poisoned!
The rat attacks as you move away! The rat bites you but does no damage.
* * * LOW HITPOINT WARNING * * *
You feel very sick. The orc attacks as you move away!
You block the orc's attack.
Found 6 stones.
* * * LOW HITPOINT WARNING * * *
You feel sick. The orc attacks as you move away!
The orc hits you but does no damage. The kobold attacks as you move away!
The kobold hits you but does no damage.
* * * LOW HITPOINT WARNING * * *
You feel sick. The kobold attacks as you move away!
You block the kobold's attack.
* * * LOW HITPOINT WARNING * * *
You feel sick.
* * * LOW HITPOINT WARNING * * *
You feel sick. The orc attacks as you move away! The orc barely misses you.
* * * LOW HITPOINT WARNING * * *
You feel sick. You block the kobold's attack.
The kobold attacks as you move away! The kobold hits you with a +0 whip.
You die...

...# #...##.........
...# ##...#......(.
...# ##..........
...#####......#..##
.......#.....##...##
#.##........###.#..#
#.#..#...........#
.........$....@Ko#
......#....>...r@#
#................#
....................
.#.##......).......#
.. #.≈≈≈≈§≈§......#
#...≈§≈§≈≈.....#
#.8..§§_≈≈.....#
≈≈≈≈≈§.....#


You could see Sigmund, an orc, a kobold and a rat.

Vanquished Creatures
  4 adders
  A worm (D:2)
  A dart slug (D:1)
  4 goblins
  A hobgoblin (D:2)
  2 quokkas
  2 ball pythons
  A kobold (D:2)
  4 rats
20 creatures vanquished.

Notes
Turn   | Place    | Note
-------+----------+-------------------------------------------
     0 | D:1      | ScottyB the Troll Fighter began the quest for the Orb.
     0 | D:1      | Reached XP level 1. HP: 22/22 MP: 0/0
   152 | D:2      | Reached XP level 2. HP: 29/29 MP: 1/1
   218 | D:2      | Reached skill level 3 in Shields
   218 | D:2      | Reached XP level 3. HP: 17/36 MP: 2/2
   356 | D:2      | Identified the +1 leather armour of Submission {Dex+3
                  | Slay+2}
   581 | D:3      | Noticed Sigmund
   619 | D:3      | Found a burning altar of Makhleb.
   625 | D:3      | HP: 1/36 [poisoned by Sigmund]
   628 | D:3      | Slain by a kobold

Illustrated notes

Levels and vault maps discovered:
D:1:      eino_arrival_water_star, layout_loops_ring,
          hellmonk_ecumenical_altar_zigzags, st_stairs_4,
          minmay_misc_feat_ornament
D:2:      layout_basic, basic_altar, serial_glass, glass_columns_a,
          glass_columns_b
D:3:      layout_rooms, mainiacjoe_overflow_catwalk, lemuel_tele_altar,
          interstate_on_off, feat_on_display, uniq_sigmund

Skill      XL: |  1  2 |
---------------+-------+-----
Shields        | 3 |  3.3
Fighting       | |  2.6
Dodging        | |  2.9
Unarmed Combat | |  2.6

Action                   || total
-------------------------++-------
Melee: Unarmed           ||    61
Armor: Robe              ||    35
Dodge: Dodged            ||    44
Block: Kite shield       ||    48
